 Dungeon Crawl Stone Soup version 0.27-a0-1438-g9b7c6745da (webtiles) character file.

Game seed: 4526268337334224284

2912 Delamore the Cruncher (level 10, -2/70 (74) HPs)
             Began as a Formicid Fighter on July 4, 2021.
             Was an Elder of Okawaru.
             Slain by a sun demon (19 damage)
             ... summoned by a kobold demonologist
             ... on level 8 of the Dungeon.
             The game lasted 00:05:54 (8201 turns).

Delamore the Cruncher (Formicid Fighter)            Turns: 8201, Time: 00:05:55

HP:   -2/70 (74)    AC: 12    Str: 23    XL:     10   Next: 6%
MP:   13/13         EV:  8    Int: 13    God:    Okawaru [****..]
Gold: 357           SH: 10    Dex: 10    Spells: 9/9 levels left

rFire    + . .     SeeInvis +   a - +1 quarterstaff
rCold    + . .     Faith    .   c - +1 kite shield
rNeg     . . .     Spirit   .   z - +3 ring mail {rF+}
rPois    .         Reflect  .   (helmet unavailable)
rElec    .         Harm     .   j - +0 cloak
rCorr    .         Rampage  .   y - +0 pair of gloves of Tujeum {rC+ Will+ Int+4 Stlth-}
Will     ++...                  r - +0 pair of boots
Stlth    ..........             (no amulet)
HPRegen  0.21/turn              g - ring of wizardry
MPRegen  0.13/turn              (no ring)

@: drained
A: permanent stasis, dig shafts and tunnels, antennae 3, four strong arms
a: Dig, Shaft Self, Renounce Religion, Heroism


You were on level 8 of the Dungeon.
You worshipped Okawaru.
Okawaru was greatly pleased with you.
You visited 1 branch of the dungeon, and saw 8 of its levels.

You collected 357 gold pieces.

Inventory:

Hand Weapons
 a - a +1 quarterstaff (weapon)
Missiles
 i - 27 poisoned darts (quivered)
 m - 10 boomerangs
 x - 2 throwing nets
Armour
 c - a +1 kite shield (worn)
 j - a +0 cloak (worn)
 r - a +0 pair of boots (worn)
 y - the +0 pair of gloves of Tujeum (worn) {rC+ Will+ Int+4 Stlth-}
   (You found it on level 5 of the Dungeon)

   Int:       It affects your intelligence (+4).
   rC:        It protects you from cold.
   Will:      It increases your willpower.
   Stlth:     It makes you less stealthy.
 z - a +3 ring mail of fire resistance (worn)
Jewellery
 g - a ring of wizardry (left hand)
Wands
 h - a wand of paralysis (31)
 p - a wand of mindburst (16)
Scrolls
 k - a scroll of fear
 q - a scroll of magic mapping
 v - 2 scrolls of silence
Potions
 b - 3 potions of curing
 d - 4 potions of might
 e - a potion of magic {unknown}
 f - 2 potions of cancellation
 l - 2 potions of degeneration
 n - 2 potions of invisibility
 o - 2 potions of berserk rage
 t - a potion of ambrosia
 u - 3 potions of heal wounds {unknown}


   Skills:
 - Level 5.0 Fighting
 * Level 11.9 Staves
 - Level 3.2 Armour
 - Level 3.6 Shields
 - Level 5.0 Invocations


You had 9 spell levels left.
You didn't know any spells.
Your spell library contained the following spells:

 Spells                   Type           Power      Damage    Failure   Level
 Summon Small Mammal      Summ           0%         N/A       50%         1
 Corpse Rot               Necr/Air       N/A        N/A       65%         2
 Call Canine Familiar     Summ           0%         N/A       86%         3
 Summon Guardian Golem    Hex/Summ       0%         N/A       86%         3
 Airstrike                Air            0%         N/A       99%         4
 Dispel Undead            Necr           0%         3d6       99%         4
 Summon Lightning Spire   Summ/Air       0%         N/A       99%         4
 Lightning Bolt           Conj/Air       0%         1d11      100%        5
 Death Channel            Necr           0%         N/A       100%        6


Dungeon Overview and Level Annotations

Branches:
Dungeon (8/15)             Temple (0/1) D:7
   Lair: D:8-11

Altars:
Dithmenos
Gozag
Okawaru
Wu Jian


Innate Abilities, Weirdness & Mutations

You cannot be hasted, slowed, berserked, paralysed or teleported.
You can dig through walls and to a lower floor.
You have a pair of large antennae on your head. (SInv)
Your four strong arms can wield two-handed weapons with a shield.


Message History

You dig through the rock wall.
You sock the kobold brigand!
The kobold brigand is moderately wounded.
You block the kobold brigand's attack.
You barely miss the kobold brigand.
The kobold brigand is moderately wounded.
The kobold brigand hits you but does no damage.
You feel drained.
You closely miss the kobold brigand.
The kobold brigand is moderately wounded.
You block the kobold brigand's attack.
You sock the kobold brigand!
The kobold brigand is almost dead.
The kobold brigand hits you with a +1 dagger of draining.
You feel drained.
You hit the kobold brigand but do no damage.
The kobold brigand is almost dead.
The kobold brigand hits you but does no damage.
You feel drained.
You closely miss the kobold brigand.
The kobold brigand is severely wounded.
The kobold brigand barely misses you.
You closely miss the kobold brigand.
The kobold brigand is severely wounded.
The kobold brigand hits you with a +1 dagger of draining.
You feel drained.
You hit the kobold brigand.
The kobold brigand is almost dead.
You block the kobold brigand's attack.
You hit the kobold brigand.
You kill the kobold brigand!
Okawaru accepts your kill.
You closely miss the sun demon. The sun demon hits you!
You are engulfed in flames.
You resist.
* * * LOW HITPOINT WARNING * * *
You block the sun demon's attack.
You closely miss the sun demon.
The sun demon hits you but does no damage.
You hit the sun demon but do no damage. The sun demon hits you!!
You die...

*,*,,,,,,,,,* *,*,**,,,****** *
*,*,,**,**,** *,*,****** #
*,*,,,*,*,,*****,*,*** #
*,*,,,,,,K...,,,,*,,,* #
*,**,**,*#((#*******,* #
*,*#.#***#.(# *,* #
*,,..#***#55* *,* #
**##..,,,...* ### *,* #
,,,..#***#.#* ##@# *,* ######
***#.# #(# #3## *,* #.....
#.#####(#####{###.# #.####
#.....[)..5.{{...$# #.#
####..>.##..###.###### #.#
..##)##.##.#.#.##******#####.#
##.#)##.##.##)##*,,,,,,,..##.#
##).......)..ยง...#*****#.##.##
#..##......K..#.# #.#.#.##


You could see a sun demon (summoned).

Vanquished Creatures
  A kobold demonologist (D:8)
  Sigmund (D:3)
  A wraith (D:7)
  A steam dragon (D:7)
  2 water moccasins
  A necrophage (D:6)
  2 centaurs (D:8)
  A phantom (D:7)
  5 kobold brigands
  A bullfrog (D:7)
  3 scorpions
  2 water moccasin zombies
  A wyvern skeleton (D:7)
  5 wights (D:8)
  A bullfrog zombie (D:5)
  2 bullfrog skeletons
  3 hounds
  2 jellies
  3 orc priests
  A gnoll shaman (D:5)
  Ijyb (D:5)
  An iguana (D:5)
  2 orc wizards
  A hound zombie (D:5)
  7 adders
  5 gnolls (D:5)
  A howler monkey skeleton (D:6)
  2 white imps
  3 ufetubi
  2 adder skeletons (D:4)
  2 worms
  18 orcs
  4 ball pythons
  4 endoplasms
  A giant cockroach (D:1)
  10 goblins
  11 hobgoblins
  10 jackals
  14 kobolds
  3 quokkas
  6 bats
  3 frilled lizards (D:1)
  6 rats
156 creatures vanquished.

Vanquished Creatures (others)
  2 plants (D:2)
2 creatures vanquished.

Grand Total: 158 creatures vanquished

Notes
Turn   | Place    | Note
-------+----------+-------------------------------------------
     0 | D:1      | Delamore the Formicid Fighter began the quest for the Orb.
     0 | D:1      | Reached XP level 1. HP: 18/18 MP: 1/1
    36 | D:1      | Found a faded altar of an unknown god.
    58 | D:1      | Became a worshipper of Warmaster Okawaru
    58 | D:1      | Reached * piety under Okawaru
   244 | D:1      | Reached XP level 2. HP: 24/24 MP: 2/2
   507 | D:1      | Reached XP level 3. HP: 26/29 MP: 3/3
   570 | D:1      | Reached skill level 3 in Staves
  1280 | D:2      | Reached XP level 4. HP: 27/37 MP: 4/4
  1498 | D:2      | Reached skill level 1 in Invocations
  2396 | D:3      | Reached XP level 5. HP: 42/42 MP: 6/6
  2499 | D:3      | Noticed Sigmund
  2516 | D:3      | Killed Sigmund
  2517 | D:3      | Reached skill level 4 in Staves
  2517 | D:3      | Reached XP level 6. HP: 12/49 MP: 6/8
  3248 | D:4      | Reached skill level 5 in Staves
  3797 | D:4      | Reached skill level 5 in Fighting
  3797 | D:4      | Reached XP level 7. HP: 56/56 MP: 9/9
  3798 | D:4      | Reached ** piety under Okawaru
  4039 | D:4      | Found an ornate altar of the Wu Jian Council.
  4193 | D:5      | Entered Level 5 of the Dungeon
  4356 | D:5      | Noticed a water moccasin
  4368 | D:5      | Killed a water moccasin
  4369 | D:5      | Reached skill level 6 in Staves
  4629 | D:5      | Reached XP level 8. HP: 58/62 MP: 11/11
  4684 | D:5      | Noticed Ijyb
  4688 | D:5      | Identified the +0 pair of gloves of Tujeum {rC+ Will+ Int+4
                  | Stlth-}
  4697 | D:5      | Killed Ijyb
  4897 | D:5      | Reached skill level 7 in Staves
  4897 | D:5      | Reached skill level 5 in Invocations
  5592 | D:6      | Reached skill level 8 in Staves
  5685 | D:6      | Reached *** piety under Okawaru
  6252 | D:6      | Found an opulent altar of Gozag.
  6252 | D:6      | Found a shadowy altar of Dithmenos.
  6358 | D:7      | Reached skill level 9 in Staves
  6358 | D:7      | Reached XP level 9. HP: 46/68 MP: 12/12
  6713 | D:7      | Found a staircase to the Ecumenical Temple.
  6720 | D:7      | Identified the +0 leather armour of Courage {Str-3 Int+7
                  | Dex+3}
  6777 | D:7      | Reached skill level 10 in Staves
  7264 | D:7      | Reached **** piety under Okawaru
  7952 | D:8      | Reached skill level 11 in Staves
  8137 | D:8      | Noticed a kobold demonologist
  8141 | D:8      | Noticed a red devil
  8144 | D:8      | Noticed a red devil
  8153 | D:8      | Noticed a kobold demonologist
  8184 | D:8      | Killed a kobold demonologist
  8185 | D:8      | Reached XP level 10. HP: 36/74 MP: 13/13
  8187 | D:8      | Noticed a sun demon
  8188 | D:8      | Noticed a sun demon
  8201 | D:8      | Slain by a sun demon

Illustrated notes

Levels and vault maps discovered:
D:1:      dpeg_arrival_leaves_temple_mockup, layout_basic,
          hellmonk_ecumenical_altar_pennies_from_heaven, serial_glass,
          glass_columns_c, glass_columns_a, minmay_misc_feat_more_columns
D:2:      layout_loops_ring, serial_forest, infiniplex_forest_straight_4,
          infiniplex_forest_lined_room_3, infiniplex_forest_clump_tiny,
          infiniplex_forest_lined_3, infiniplex_forest_clump_double,
          infiniplex_forest_lined_room_3, infiniplex_forest_zigzag_2
D:3:      layout_loops_ring, chequers_serial_rivers_micro_e, uniq_sigmund
D:4:      layout_loops_ring, pdpol_wu_jian_five_deadly_venoms,
          kennysheep_generic_room_9
D:5:      layout_loops_ring, kennysheep_generic_room_10, uniq_ijyb
D:6:      layout_rooms, gammafunk_temple_overflow_pools
D:7:      layout_loops_corners, minmay_temple_entry_trees,
          minmay_misc_feat_doors
D:8:      layout_loops_ring, general_overflow_altar, serial_shops,
          nicolae_shop_crystal

Skill      XL: |  1  2  3  4  5  6  7  8  9 |
---------------+----------------------------+-----
Staves         | 3 4 5 6 9 11 | 11.9
Invocations    | 1 2 3 4 5 |  5.0
Fighting       | 4 5 |  5.0
Armour         | |  3.2
Shields        | |  3.6

Action                   |  1- 3 |  4- 6 |  7- 9 | 10-12 || total
-------------------------+-------+-------+-------+-------++-------
Melee: Quarterstaff      |   110 |   119 |   383 |    12 ||   624
Throw: Dart              |       |       |     7 |       ||     7
Invok: Heroism           |       |       |     3 |       ||     3
 Abil: Dig               |       |       |     2 |     3 ||     5
  Use: Scroll            |     3 |     5 |     8 |       ||    16
       Potion            |       |     2 |       |       ||     2
 Stab: Distracted        |       |       |     1 |       ||     1
Armor: Scale mail        |    48 |    38 |    12 |       ||    98
       Chain mail        |       |       |    25 |       ||    25
       Ring mail         |       |       |   101 |     3 ||   104
Dodge: Dodged            |    28 |    39 |    94 |     1 ||   162
Block: Kite shield       |    53 |    52 |   184 |     4 ||   293

Table legend: (Time is in decaauts)
 A = Elapsed time spent in this place.
 B = Non-inter-level travel time spent in this place.
 C = Inter-level travel time spent in this place.
 D = Time resting spent in this place.
 E = Time spent auto-exploring this place.
 F = Levels seen in this place.
 G = Mean time per level.
                   A        B        C        D        E       F      G
               +--------+--------+--------+--------+--------+-----+--------+
         Total |   8287 |   7985 |    302 |    539 |   6187 |   8 | 1035.9 |
       Dungeon |   8287 |   7985 |    302 |    539 |   6187 |   8 | 1035.9 |
               +--------+--------+--------+--------+--------+-----+--------+

Top non-repeatable levels by time:
     D:7: 1447 daAuts
     D:5: 1402 daAuts
     D:2: 1282 daAuts
     D:1: 1092 daAuts
     D:4: 1042 daAuts
     D:3: 855 daAuts
     D:6: 727 daAuts
     D:8: 437 daAuts
